Flames vs Rangers

Created - 3 novembre 2025 at 16:56

Goals
1 2 3 OT1 SO T
Flames 0 1 3 0 0 4
Rangers 1 1 2 0 1 5
Shots
1 2 3 OT1 SO T
Flames 10 20 18 2 3 50
Rangers 7 11 17 2 2 37

GoalsPenalties
1st period
1. Rangers , Warren Foegele 3 (Josh Morrissey 4, Erik Haula 1) at 7:45
Jeremy Lauzon (NYR) for Hooking (Minor) at 11:57
Nazem Kadri (NYR) for Interference (Minor) at 18:12
2nd period
2. Rangers , Conor Garland 3 (Carter Verhaeghe 3) at 4:19
3. Flames , Kiefer Sherwood 4 (Blake Lizotte 3) at 16:42
3rd period
4. Rangers , Jeremy Lauzon 1 (Chandler Stephenson 4, Marc Del Gaizo 1) at 2:59
5. Flames , Teddy Blueger 1 (Mark Jankowski 1, Brandon Duhaime 3) at 5:27
6. Rangers , Kyle Connor 7 (Roope Hintz 5) at 12:11
7. Flames , Will Smith 2 (Pavel Zacha 9, Sam Reinhart 6) at 17:06
8. Flames , Kiefer Sherwood 5 (Connor Zary 2, Alec Martinez 3) at 18:15
Overtime #1
No Goal
Shootout
Flames, Sam Reinhart - Shot Misses the Net
Rangers, Kyle Connor - Shot Misses the Net
Flames, Trevor Moore - Shot Misses the Net
Rangers, Roope Hintz - Goal!
Flames, Teddy Blueger - Stopped by Anthony Stolarz
Goalie Stats
Alex Lyon (CAL), 33 saves from 37 shots - (0,892), OTL, 3-0-1, 65:00 minutes
Anthony Stolarz (NYR), 46 saves from 50 shots - (0,920), W, 4-3-1, 65:00 minutes
3 StarsOfficial
1 - Kiefer Sherwood (CAL)
2 - Kyle Connor (NYR)
3 - Josh Morrissey (NYR)
Referees : Pierre Lambert and Corey Syvret
Linesman : Andrew Smith and Tyson Baker
Game Note
No Game Note
Finance
Level 1 -- Attendance: 5865 (97,75%) -- Ticket Income $586,500
Level 2 -- Attendance: 5000 (100,00%) -- Ticket Income $300,000
Level 3 -- Attendance: 1854 (92,70%) -- Ticket Income $64,890
Level 4 -- Attendance: 4000 (100,00%) -- Ticket Income $80,000
Luxury Box -- Attendance: 941 (94,10%) -- Ticket Income $188,200
Game was played at the Blue Shirt Stadium.
Total Attendance: 17660 (98,11%)
Total Ticket Income: $1,219,590
Other Income: $597,599
Total Income: $1,817,189



Team Name Goals Shots Shots Attemp Shots Blocked PIM HIT PP PK FO%
Flames 45096180190 / 2 (0%)041%
Rangers 53770184210 / 0 (0,00%059%

Flames
Player Name POS G A P +/- PIM HIT SHT SB MP PP MP PP SHT PK MP PK SHT FO% FOT GA TA
000000000:000:0000:0000% 000
000000000:000:0000:0000% 000
Alec MartinezD0110002016:151:4600:0000% 000
Blake LizotteC0112003013:020:0000:00044% 900
Brandon DuhaimeLW/RW011-1002010:020:0000:0000% 000
Connor CliftonD0000041323:020:0000:0000% 000
Connor ZaryC/LW0112022113:020:0000:0000% 011
Drew DoughtyD0000013122:282:1200:0000% 001
Emil LillebergD0000011016:531:4600:0000% 001
Juraj SlafkovskyLW/RW000-2022118:492:1900:0000% 000
Kiefer SherwoodLW/RW2022005014:320:0000:0000% 121
Mark JankowskiC/LW011-1000110:020:0000:0000% 000
Nick SeelerD0000021418:240:0000:0000% 000
Pavel ZachaC/LW0111034122:192:1900:00050% 2421
Ryan DonatoC/LW000-2035117:581:3900:00043% 2100
Sam ReinhartC/RW0111006022:242:1900:0000% 310
Teddy BluegerC/LW/RW101-1012110:020:0000:0000% 210
Trevor MooreC/LW/RW000-2001017:581:3900:00050% 200
Will SmithC/RW1011003019:501:3900:0000% 100
Zach WerenskiD0000007427:582:1200:0000% 012
Rangers
Player Name POS G A P +/- PIM HIT SHT SB MP PP MP PP SHT PK MP PK SHT FO% FOT GA TA
000000000:000:0000:0000% 000
000000000:000:0000:0000% 000
Carter VerhaegheC/LW0110041118:460:0000:00067% 320
Chandler StephensonC/LW/RW0110003021:000:0002:060100% 311
Claude GirouxC/LW/RW0000012019:310:0001:06073% 1502
Cody GlassC/RW000-101109:120:0000:4600% 000
Cole PerfettiC/LW/RW000-102218:160:0000:0000% 000
Conor GarlandLW/RW1010017012:460:0000:0000% 010
Dylan SambergD000-2000423:210:0002:1800% 001
Erik HaulaC/LW0110002015:510:0002:07047% 1701
Jeremy LauzonD1011212316:110:0000:3800% 001
Josh MorrisseyD0111021324:040:0001:0200% 000
Kyle ConnorC/LW1011014120:120:0000:4500% 000
Marc Del GaizoD0111010015:190:0000:0000% 000
Nazem KadriC/LW/RW0001221218:440:0000:0000% 020
Nick JensenD0001003023:570:0002:1800% 001
Nicolas RoyC/RW000-102009:220:0001:06050% 200
Rasmus AnderssonD000-2021122:360:0001:4000% 001
Roope HintzC/LW/RW0111014219:250:0000:00050% 2210
Warren FoegeleLW/RW1010003012:270:0000:000100% 100

Flames

5 vs 5 Forward
Line #Left WingCenterRight WingPHYDFOFWanted %Time %Time Play
1Will SmithPavel ZachaSam Reinhart0143431%17:30
2Trevor MooreRyan DonatoJuraj Slafkovsky0233028%15:28
3Connor ZaryBlake LizotteKiefer Sherwood0232223%13:02
4Mark JankowskiTeddy BluegerBrandon Duhaime2211418%10:02
5 vs 5 Defense
Line #DefenseDefensePHYDFOFWanted %Time %Time Play
1Zach WerenskiConnor Clifton0323940%22:10
2Drew DoughtyNick Seeler0323233%18:24
3Emil LillebergAlec Martinez1312526%14:19
4Drew DoughtyZach Werenski02342%1:09
Power Play Forward
Line #Left WingCenterRight WingPHYDFOFWanted %Time %Time Play
1Juraj SlafkovskyPavel ZachaSam Reinhart0056558%2:19
2Trevor MooreRyan DonatoWill Smith0053542%1:39
Power Play Defense
Line #DefenseDefensePHYDFOFWanted %Time %Time Play
1Zach WerenskiDrew Doughty0146555%2:12
2Alec MartinezEmil Lilleberg0143545%1:46
Penalty Kill 4 Players Forward
Line #CenterWingPHYDFOFWanted %Time %Time Play
1Teddy BluegerBrandon Duhaime050600%0:00
2Blake LizotteKiefer Sherwood050400%0:00
Penalty Kill 4 Players Defense
Line #DefenseDefensePHYDFOFWanted %Time %Time Play
1Connor CliftonNick Seeler140600%0:00
2Alec MartinezEmil Lilleberg140400%0:00
Penalty Kill 3 Players
Line #WingPHYDFOFWanted %Time %Time PlayDefenseDefensePHYDFOFWanted %Time %Time Play
1Teddy Blueger050600%0:00 Connor CliftonNick Seeler050600%0:00
2Mark Jankowski050400%0:00 Alec MartinezDrew Doughty050400%0:00
4 vs 4 Forward
Line #CenterWingPHYDFOFWanted %Time %Time Play
1Pavel ZachaSam Reinhart014600%0:00
2Ryan DonatoJuraj Slafkovsky023400%0:00
4 vs 4 Defense
Line #DefensePHYDFOFWanted %Time %Time Play
1Connor CliftonZach Werenski023600%0:00
2Drew DoughtyEmil Lilleberg032400%0:00
Last Minutes Offensive
Left WingCenterRight WingDefenseDefense
Juraj SlafkovskyPavel ZachaSam ReinhartZach WerenskiDrew Doughty
Last Minutes Defensive
Left WingCenterRight WingDefenseDefense
Brandon DuhaimeTeddy BluegerKiefer SherwoodConnor CliftonNick Seeler
Time
Total ForwardTotal DefenseLast Minutes OffensiveLast Minutes Defensive
60:00 60:00 0:000:00
Extra Forwards
Normal PowerPlayPenalty Kill
Sam Reinhart, Pavel Zacha, Juraj SlafkovskyConnor Zary, Kiefer SherwoodMark Jankowski
Extra Defensemen
Normal PowerPlayPenalty Kill
Zach Werenski, Nick Seeler, Connor CliftonDrew Doughty, Connor CliftonDrew Doughty
Penalty Shots
Sam Reinhart, Trevor Moore, Teddy Blueger, Ryan Donato, Juraj Slafkovsky
Goalie
Alex Lyon, Sergei Bobrovsky
Custom OT Lines Forwards
Sam Reinhart, Pavel Zacha, Juraj Slafkovsky, Ryan Donato, Trevor Moore, Kiefer Sherwood, Will Smith, Connor Zary, Blake Lizotte, Teddy Blueger
Custom OT Lines Defensemen
Zach Werenski, Drew Doughty, Emil Lilleberg, Alec Martinez, Nick Seeler
Scratches
Jordan Spence (Healthy), Rasmus Kupari (Healthy), Mikey Eyssimont (Healthy)

Rangers

5 vs 5 Forward
Line #Left WingCenterRight WingPHYDFOFWanted %Time %Time Play
1Kyle ConnorRoope HintzNazem Kadri0143433%18:16
2Carter VerhaegheClaude GirouxChandler Stephenson0233431%17:22
3Warren FoegeleErik HaulaConor Garland0322222%12:08
4Cole PerfettiNicolas RoyCody Glass0411015%8:16
5 vs 5 Defense
Line #DefenseDefensePHYDFOFWanted %Time %Time Play
1Nick JensenJosh Morrissey0323838%21:24
2Dylan SambergRasmus Andersson0323434%19:04
3Jeremy LauzonMarc Del Gaizo0412827%15:19
4Rasmus AnderssonNick Jensen04100%0:15
Power Play Forward
Line #Left WingCenterRight WingPHYDFOFWanted %Time %Time Play
1Kyle ConnorNazem KadriRoope Hintz005600%0:00
2Carter VerhaegheClaude GirouxCole Perfetti005400%0:00
Power Play Defense
Line #DefenseDefensePHYDFOFWanted %Time %Time Play
1Rasmus AnderssonJosh Morrissey014600%0:00
2Nick JensenDylan Samberg014400%0:00
Penalty Kill 4 Players Forward
Line #CenterWingPHYDFOFWanted %Time %Time Play
1Chandler StephensonErik Haula0506072%2:52
2Claude GirouxNicolas Roy0504028%1:06
Penalty Kill 4 Players Defense
Line #DefenseDefensePHYDFOFWanted %Time %Time Play
1Dylan SambergNick Jensen1406058%2:18
2Jeremy LauzonRasmus Andersson1404042%1:40
Penalty Kill 3 Players
Line #WingPHYDFOFWanted %Time %Time PlayDefenseDefensePHYDFOFWanted %Time %Time Play
1Erik Haula041600%0:00 Dylan SambergNick Jensen140600%0:00
2Claude Giroux041400%0:00 Jeremy LauzonRasmus Andersson140400%0:00
4 vs 4 Forward
Line #CenterWingPHYDFOFWanted %Time %Time Play
1Chandler StephensonNicolas Roy032600%0:00
2Claude GirouxErik Haula032400%0:00
4 vs 4 Defense
Line #DefensePHYDFOFWanted %Time %Time Play
1Nick JensenRasmus Andersson032600%0:00
2Dylan SambergJosh Morrissey032400%0:00
Last Minutes Offensive
Left WingCenterRight WingDefenseDefense
Kyle ConnorRoope HintzNazem KadriJosh MorrisseyRasmus Andersson
Last Minutes Defensive
Left WingCenterRight WingDefenseDefense
Chandler StephensonClaude GirouxNicolas RoyNick JensenDylan Samberg
Time
Total ForwardTotal DefenseLast Minutes OffensiveLast Minutes Defensive
60:00 60:00 0:000:00
Extra Forwards
Normal PowerPlayPenalty Kill
Erik Haula, Conor Garland, Warren FoegeleRoope Hintz, Carter VerhaegheChandler Stephenson
Extra Defensemen
Normal PowerPlayPenalty Kill
Nick Jensen, Rasmus Andersson, Jeremy LauzonNick Jensen, Rasmus AnderssonJeremy Lauzon
Penalty Shots
Kyle Connor, Roope Hintz, Erik Haula, Cole Perfetti, Nazem Kadri
Goalie
Anthony Stolarz, Frederik Andersen
Custom OT Lines Forwards
Kyle Connor, Roope Hintz, Chandler Stephenson, Carter Verhaeghe, Nazem Kadri, Claude Giroux, Erik Haula, Warren Foegele, Conor Garland, Cole Perfetti
Custom OT Lines Defensemen
Josh Morrissey, Rasmus Andersson, Dylan Samberg, Nick Jensen, Jeremy Lauzon
Scratches
Jack Johnson (Strained Back Injury), Nicholas Robertson (Healthy), Jet Greaves (Healthy)


Play-by-Play

1st period


0:01 of 1st period - Roope Hintz wins face-off versus Pavel Zacha in neutral zone.
1:30 of 1st period - Marc Del Gaizo is hit by Pavel Zacha and loses puck.
1:47 of 1st period - Emil Lilleberg is hit by Jeremy Lauzon and loses puck.
2:39 of 1st period - Zach Werenski is hit by Nicolas Roy and loses puck.
4:00 of 1st period - Snap shot by Cole Perfetti.
4:00 of 1st period - Stopped by Alex Lyon with a rebound.
4:10 of 1st period - Nick Jensen is hit by Connor Clifton and loses puck.
4:34 of 1st period - Off-side.
4:35 of 1st period - Blake Lizotte wins face-off versus Erik Haula in neutral zone.
5:05 of 1st period - Slapshot by Josh Morrissey.
5:05 of 1st period - Shot Blocked by Nick Seeler.
5:37 of 1st period - Snap shot by Connor Zary.
5:37 of 1st period - Shot Misses the Net.
5:39 of 1st period - Slapshot by Nick Seeler.
5:39 of 1st period - Stopped by Anthony Stolarz without a rebound.
5:40 of 1st period - Ryan Donato wins face-off versus Roope Hintz in Rangers zone.
5:55 of 1st period - Wrist shot by Trevor Moore.
5:55 of 1st period - Shot Blocked by Roope Hintz.
6:05 of 1st period - Zach Werenski is hit by Claude Giroux and loses puck.
6:28 of 1st period - Backhand shot by Zach Werenski.
6:28 of 1st period - Shot Blocked by Dylan Samberg.
6:38 of 1st period - Snap shot by Teddy Blueger.
6:38 of 1st period - Stopped by Anthony Stolarz with a rebound.
6:49 of 1st period - Off-side.
6:50 of 1st period - Roope Hintz wins face-off versus Ryan Donato in neutral zone.
6:53 of 1st period - Wrist shot by Nazem Kadri.
6:53 of 1st period - Stopped by Alex Lyon without a rebound.
6:54 of 1st period - Roope Hintz wins face-off versus Ryan Donato in Flames zone.
7:43 of 1st period - Snap shot by Josh Morrissey.
7:43 of 1st period - Stopped by Alex Lyon with a rebound.
7:45 of 1st period - Snap shot by Warren Foegele.
7:45 of 1st period - Goal by Warren Foegele - Flames : 0 - Rangers : 1.
7:46 of 1st period - Pavel Zacha wins face-off versus Claude Giroux in neutral zone.
8:01 of 1st period - Slapshot by Sam Reinhart.
8:01 of 1st period - Deflect By Josh Morrissey.
8:01 of 1st period - Shot Blocked by Josh Morrissey.
8:01 of 1st period - Puck is out of play.
8:02 of 1st period - Ryan Donato wins face-off versus Roope Hintz in Rangers zone.
8:11 of 1st period - Snap shot by Ryan Donato.
8:11 of 1st period - Stopped by Anthony Stolarz with a rebound.
8:13 of 1st period - Snap shot by Drew Doughty.
8:13 of 1st period - Shot Blocked by Rasmus Andersson.
8:15 of 1st period - Snap shot by Juraj Slafkovsky.
8:15 of 1st period - Stopped by Anthony Stolarz with a rebound.
8:17 of 1st period - Snap shot by Ryan Donato.
8:17 of 1st period - Stopped by Anthony Stolarz with a rebound.
8:31 of 1st period - Snap shot by Sam Reinhart.
8:31 of 1st period - Shot Misses the Net.
8:33 of 1st period - Slapshot by Emil Lilleberg.
8:33 of 1st period - Stopped by Anthony Stolarz without a rebound.
8:34 of 1st period - Claude Giroux wins face-off versus Pavel Zacha in Rangers zone.
9:03 of 1st period - Wrist shot by Will Smith.
9:03 of 1st period - Stopped by Anthony Stolarz without a rebound.
9:04 of 1st period - Ryan Donato wins face-off versus Roope Hintz in Rangers zone.
9:07 of 1st period - Wrist shot by Ryan Donato.
9:07 of 1st period - Shot Hit the Post.
9:09 of 1st period - Snap shot by Connor Clifton.
9:09 of 1st period - Stopped by Anthony Stolarz without a rebound.
9:10 of 1st period - Roope Hintz wins face-off versus Ryan Donato in Rangers zone.
9:25 of 1st period - Wrist shot by Trevor Moore.
9:25 of 1st period - Shot Blocked by Dylan Samberg.
9:37 of 1st period - Snap shot by Sam Reinhart.
9:37 of 1st period - Shot Misses the Net.
9:39 of 1st period - Snap shot by Sam Reinhart.
9:39 of 1st period - Stopped by Anthony Stolarz without a rebound.
9:40 of 1st period - Claude Giroux wins face-off versus Pavel Zacha in Rangers zone.
9:56 of 1st period - Slapshot by Chandler Stephenson.
9:56 of 1st period - Stopped by Alex Lyon with a rebound.
10:01 of 1st period - Off-side.
10:02 of 1st period - Roope Hintz wins face-off versus Ryan Donato in neutral zone.
10:29 of 1st period - Claude Giroux is hit by Connor Zary and loses puck.
11:35 of 1st period - Wrist shot by Ryan Donato.
11:35 of 1st period - Stopped by Anthony Stolarz with a rebound.
11:57 of 1st period - Minor Penalty to Jeremy Lauzon for Hooking.
11:58 of 1st period - Chandler Stephenson wins face-off versus Sam Reinhart in Rangers zone.
13:08 of 1st period - Josh Morrissey is hit by Emil Lilleberg and loses puck.
13:57 of 1st period - Penalty to Jeremy Lauzon is over, Jeremy Lauzon is back on ice.
14:19 of 1st period - Snap shot by Teddy Blueger.
14:19 of 1st period - Shot Misses the Net.
14:52 of 1st period - Nick Seeler is hit by Marc Del Gaizo and loses puck.
15:08 of 1st period - Nick Seeler is hit by Conor Garland and loses puck.
15:15 of 1st period - Snap shot by Cole Perfetti.
15:15 of 1st period - Shot Blocked by Nick Seeler.
15:25 of 1st period - Slapshot by Claude Giroux.
15:25 of 1st period - Stopped by Alex Lyon with a rebound.
15:27 of 1st period - Slapshot by Jeremy Lauzon.
15:27 of 1st period - Shot Blocked by Mark Jankowski.
15:50 of 1st period - Alec Martinez is hit by Carter Verhaeghe and loses puck.
16:33 of 1st period - Trevor Moore is hit by Nazem Kadri and loses puck.
17:12 of 1st period - Zach Werenski is hit by Rasmus Andersson and loses puck.
17:19 of 1st period - Juraj Slafkovsky is hit by Roope Hintz and loses puck.
17:39 of 1st period - Icing by Dylan Samberg.
17:40 of 1st period - Nicolas Roy wins face-off versus Blake Lizotte in Rangers zone.
17:47 of 1st period - Snap shot by Josh Morrissey.
17:47 of 1st period - Shot Blocked by Connor Clifton.
17:53 of 1st period - Snap shot by Erik Haula.
17:53 of 1st period - Stopped by Alex Lyon without a rebound.
17:54 of 1st period - Claude Giroux wins face-off versus Pavel Zacha in Flames zone.
18:07 of 1st period - Snap shot by Pavel Zacha.
18:07 of 1st period - Shot Blocked by Carter Verhaeghe.
18:09 of 1st period - Slapshot by Drew Doughty.
18:09 of 1st period - Deflect By Sam Reinhart.
18:09 of 1st period - Shot Misses the Net.
18:09 of 1st period - Puck is out of play.
18:10 of 1st period - Roope Hintz wins face-off versus Trevor Moore in Rangers zone.
18:12 of 1st period - Minor Penalty to Nazem Kadri for Interference.
18:13 of 1st period - Chandler Stephenson wins face-off versus Pavel Zacha in Rangers zone.
18:21 of 1st period - Wrist shot by Pavel Zacha.
18:21 of 1st period - Shot Misses the Net.
19:29 of 1st period - Emil Lilleberg is hit by Cody Glass and loses puck.
Goals for this period are 0 for Flames vs 1 for Rangers.
Shots for this period are 10 for Flames vs 7 for Rangers.

2nd period


0:01 of 2nd period - Chandler Stephenson wins face-off versus Pavel Zacha in neutral zone.
0:12 of 2nd period - Penalty to Nazem Kadri is over, Nazem Kadri is back on ice.
0:27 of 2nd period - Blake Lizotte is hit by Cole Perfetti.
1:28 of 2nd period - Icing by Carter Verhaeghe.
1:29 of 2nd period - Pavel Zacha wins face-off versus Erik Haula in Rangers zone.
1:58 of 2nd period - Wrist shot by Zach Werenski.
1:58 of 2nd period - Stopped by Anthony Stolarz with a rebound.
2:06 of 2nd period - Slapshot by Kyle Connor.
2:06 of 2nd period - Shot Blocked by Connor Clifton.
2:45 of 2nd period - Claude Giroux is hit by Teddy Blueger and loses puck.
3:31 of 2nd period - Slapshot by Brandon Duhaime.
3:31 of 2nd period - Shot Misses the Net.
3:33 of 2nd period - Slapshot by Drew Doughty.
3:33 of 2nd period - Shot Misses the Net.
3:35 of 2nd period - Slapshot by Nick Seeler.
3:35 of 2nd period - Shot Misses the Net.
3:37 of 2nd period - Slapshot by Brandon Duhaime.
3:37 of 2nd period - Shot Blocked by Jeremy Lauzon.
3:43 of 2nd period - Wrist shot by Teddy Blueger.
3:43 of 2nd period - Shot Misses the Net.
3:45 of 2nd period - Backhand shot by Drew Doughty.
3:45 of 2nd period - Stopped by Anthony Stolarz without a rebound.
3:46 of 2nd period - Claude Giroux wins face-off versus Pavel Zacha in Rangers zone.
4:17 of 2nd period - Snap shot by Conor Garland.
4:17 of 2nd period - Stopped by Alex Lyon with a rebound.
4:19 of 2nd period - Snap shot by Conor Garland.
4:19 of 2nd period - Goal by Conor Garland - Flames : 0 - Rangers : 2.
4:20 of 2nd period - Pavel Zacha wins face-off versus Claude Giroux in neutral zone.
4:31 of 2nd period - Backhand shot by Pavel Zacha.
4:31 of 2nd period - Stopped by Anthony Stolarz with a rebound.
4:33 of 2nd period - Snap shot by Will Smith.
4:33 of 2nd period - Deflect By Sam Reinhart.
4:33 of 2nd period - Shot Misses the Net.
4:33 of 2nd period - Puck is out of play.
4:34 of 2nd period - Erik Haula wins face-off versus Ryan Donato in Rangers zone.
4:34 of 2nd period - Erik Haula is hit by Ryan Donato.
4:48 of 2nd period - Slapshot by Dylan Samberg.
4:48 of 2nd period - Shot Misses the Net.
4:50 of 2nd period - Snap shot by Conor Garland.
4:50 of 2nd period - Stopped by Alex Lyon with a rebound.
5:25 of 2nd period - Nick Seeler is hit by Josh Morrissey.
5:36 of 2nd period - Icing by Nazem Kadri.
5:37 of 2nd period - Ryan Donato wins face-off versus Roope Hintz in Rangers zone.
6:07 of 2nd period - Backhand shot by Roope Hintz.
6:07 of 2nd period - Shot Misses the Net.
6:09 of 2nd period - Slapshot by Nick Jensen.
6:09 of 2nd period - Shot Misses the Net.
6:11 of 2nd period - Slapshot by Nick Jensen.
6:11 of 2nd period - Stopped by Alex Lyon without a rebound.
6:12 of 2nd period - Claude Giroux wins face-off versus Ryan Donato in Flames zone.
6:25 of 2nd period - Slapshot by Claude Giroux.
6:25 of 2nd period - Shot Misses the Net.
6:27 of 2nd period - Snap shot by Chandler Stephenson.
6:27 of 2nd period - Shot Misses the Net.
7:20 of 2nd period - Wrist shot by Ryan Donato.
7:20 of 2nd period - Stopped by Anthony Stolarz without a rebound.
7:21 of 2nd period - Erik Haula wins face-off versus Sam Reinhart in Rangers zone.
9:03 of 2nd period - Wrist shot by Blake Lizotte.
9:03 of 2nd period - Stopped by Anthony Stolarz with a rebound.
9:13 of 2nd period - Jeremy Lauzon is hit by Juraj Slafkovsky and loses puck.
9:57 of 2nd period - Slapshot by Carter Verhaeghe.
9:57 of 2nd period - Stopped by Alex Lyon with a rebound.
9:59 of 2nd period - Snap shot by Marc Del Gaizo.
9:59 of 2nd period - Shot Misses the Net.
10:23 of 2nd period - Off-side.
10:24 of 2nd period - Ryan Donato wins face-off versus Roope Hintz in neutral zone.
10:41 of 2nd period - Wrist shot by Roope Hintz.
10:41 of 2nd period - Shot Misses the Net.
10:51 of 2nd period - Rasmus Andersson is hit by Nick Seeler and loses puck.
11:39 of 2nd period - Snap shot by Cody Glass.
11:39 of 2nd period - Stopped by Alex Lyon without a rebound.
11:40 of 2nd period - Pavel Zacha wins face-off versus Nicolas Roy in Flames zone.
11:51 of 2nd period - Cody Glass is hit by Connor Clifton and loses puck.
11:58 of 2nd period - Snap shot by Nicolas Roy.
11:58 of 2nd period - Shot Blocked by Zach Werenski.
12:12 of 2nd period - Wrist shot by Zach Werenski.
12:12 of 2nd period - Shot Blocked by Cole Perfetti.
12:14 of 2nd period - Snap shot by Zach Werenski.
12:14 of 2nd period - Stopped by Anthony Stolarz with a rebound.
12:20 of 2nd period - Wrist shot by Sam Reinhart.
12:20 of 2nd period - Stopped by Anthony Stolarz with a rebound.
12:22 of 2nd period - Wrist shot by Will Smith.
12:22 of 2nd period - Stopped by Anthony Stolarz with a rebound.
12:24 of 2nd period - Slapshot by Zach Werenski.
12:24 of 2nd period - Stopped by Anthony Stolarz with a rebound.
12:26 of 2nd period - Wrist shot by Sam Reinhart.
12:26 of 2nd period - Shot Blocked by Josh Morrissey.
12:38 of 2nd period - Wrist shot by Sam Reinhart.
12:38 of 2nd period - Stopped by Anthony Stolarz without a rebound.
12:39 of 2nd period - Ryan Donato wins face-off versus Roope Hintz in Rangers zone.
12:42 of 2nd period - Slapshot by Ryan Donato.
12:42 of 2nd period - Stopped by Anthony Stolarz without a rebound.
12:43 of 2nd period - Ryan Donato wins face-off versus Roope Hintz in Rangers zone.
12:50 of 2nd period - Snap shot by Ryan Donato.
12:50 of 2nd period - Shot Blocked by Dylan Samberg.
12:58 of 2nd period - Backhand shot by Juraj Slafkovsky.
12:58 of 2nd period - Deflect By Ryan Donato.
12:58 of 2nd period - Shot Misses the Net.
12:58 of 2nd period - Puck is out of play.
12:59 of 2nd period - Claude Giroux wins face-off versus Kiefer Sherwood in Rangers zone.
13:26 of 2nd period - Zach Werenski is hit by Rasmus Andersson and loses puck.
13:49 of 2nd period - Wrist shot by Roope Hintz.
13:49 of 2nd period - Stopped by Alex Lyon without a rebound.
13:50 of 2nd period - Roope Hintz wins face-off versus Pavel Zacha in Flames zone.
14:05 of 2nd period - Emil Lilleberg is hit by Kyle Connor and loses puck.
14:28 of 2nd period - Snap shot by Roope Hintz.
14:28 of 2nd period - Stopped by Alex Lyon with a rebound.
14:34 of 2nd period - Nazem Kadri is hit by Pavel Zacha and loses puck.
14:41 of 2nd period - Wrist shot by Sam Reinhart.
14:41 of 2nd period - Shot Misses the Net.
14:43 of 2nd period - Slapshot by Alec Martinez.
14:43 of 2nd period - Deflect By Sam Reinhart.
14:43 of 2nd period - Stopped by Anthony Stolarz with a rebound.
15:09 of 2nd period - Snap shot by Sam Reinhart.
15:09 of 2nd period - Stopped by Anthony Stolarz with a rebound.
15:13 of 2nd period - Wrist shot by Pavel Zacha.
15:13 of 2nd period - Shot Misses the Net.
15:15 of 2nd period - Backhand shot by Alec Martinez.
15:15 of 2nd period - Shot Blocked by Jeremy Lauzon.
15:17 of 2nd period - Snap shot by Sam Reinhart.
15:17 of 2nd period - Shot Blocked by Kyle Connor.
15:19 of 2nd period - Slapshot by Emil Lilleberg.
15:19 of 2nd period - Shot Misses the Net.
15:38 of 2nd period - Slapshot by Sam Reinhart.
15:38 of 2nd period - Shot Misses the Net.
15:40 of 2nd period - Snap shot by Will Smith.
15:40 of 2nd period - Shot Blocked by Jeremy Lauzon.
15:42 of 2nd period - Slapshot by Alec Martinez.
15:42 of 2nd period - Stopped by Anthony Stolarz with a rebound.
15:44 of 2nd period - Slapshot by Sam Reinhart.
15:44 of 2nd period - Stopped by Anthony Stolarz with a rebound.
15:46 of 2nd period - Snap shot by Pavel Zacha.
15:46 of 2nd period - Shot Misses the Net.
16:02 of 2nd period - Snap shot by Sam Reinhart.
16:02 of 2nd period - Shot Blocked by Nazem Kadri.
16:04 of 2nd period - Snap shot by Will Smith.
16:04 of 2nd period - Shot Blocked by Roope Hintz.
16:06 of 2nd period - Wrist shot by Pavel Zacha.
16:06 of 2nd period - Shot Misses the Net.
16:15 of 2nd period - Off-side.
16:16 of 2nd period - Carter Verhaeghe wins face-off versus Ryan Donato in neutral zone.
16:19 of 2nd period - Juraj Slafkovsky is hit by Carter Verhaeghe and loses puck.
16:30 of 2nd period - Wrist shot by Ryan Donato.
16:30 of 2nd period - Shot Misses the Net.
16:32 of 2nd period - Backhand shot by Juraj Slafkovsky.
16:32 of 2nd period - Deflect By Claude Giroux.
16:32 of 2nd period - Shot Blocked by Dylan Samberg.
16:32 of 2nd period - Puck is out of play.
16:33 of 2nd period - Blake Lizotte wins face-off versus Erik Haula in Rangers zone.
16:38 of 2nd period - Snap shot by Kiefer Sherwood.
16:38 of 2nd period - Shot Misses the Net.
16:40 of 2nd period - Wrist shot by Kiefer Sherwood.
16:40 of 2nd period - Stopped by Anthony Stolarz without a rebound.
16:41 of 2nd period - Blake Lizotte wins face-off versus Erik Haula in Rangers zone.
16:42 of 2nd period - Slapshot by Kiefer Sherwood.
16:42 of 2nd period - Goal by Kiefer Sherwood - Flames : 1 - Rangers : 2.
16:43 of 2nd period - Claude Giroux wins face-off versus Ryan Donato in neutral zone.
17:32 of 2nd period - Nick Seeler is hit by Cole Perfetti and loses puck.
18:24 of 2nd period - Slapshot by Conor Garland.
18:24 of 2nd period - Stopped by Alex Lyon with a rebound.
18:26 of 2nd period - Slapshot by Nick Jensen.
18:26 of 2nd period - Deflect By Emil Lilleberg.
18:26 of 2nd period - Stopped by Alex Lyon without a rebound.
18:27 of 2nd period - Erik Haula wins face-off versus Teddy Blueger in Flames zone.
18:28 of 2nd period - Snap shot by Conor Garland.
18:28 of 2nd period - Shot Misses the Net.
18:30 of 2nd period - Snap shot by Josh Morrissey.
18:30 of 2nd period - Shot Misses the Net.
18:32 of 2nd period - Slapshot by Conor Garland.
18:32 of 2nd period - Shot Blocked by Zach Werenski.
18:34 of 2nd period - Slapshot by Josh Morrissey.
18:34 of 2nd period - Shot Blocked by Zach Werenski.
18:36 of 2nd period - Slapshot by Conor Garland.
18:36 of 2nd period - Shot Misses the Net.
18:38 of 2nd period - Slapshot by Conor Garland.
18:38 of 2nd period - Deflect By Warren Foegele.
18:38 of 2nd period - Stopped by Alex Lyon without a rebound.
18:39 of 2nd period - Claude Giroux wins face-off versus Ryan Donato in Flames zone.
18:52 of 2nd period - Snap shot by Carter Verhaeghe.
18:52 of 2nd period - Shot Blocked by Nick Seeler.
19:06 of 2nd period - Dylan Samberg is hit by Nick Seeler.
19:28 of 2nd period - Wrist shot by Connor Zary.
19:28 of 2nd period - Shot Misses the Net.
19:32 of 2nd period - Wrist shot by Connor Zary.
19:32 of 2nd period - Stopped by Anthony Stolarz with a rebound.
19:34 of 2nd period - Slapshot by Drew Doughty.
19:34 of 2nd period - Deflect By Roope Hintz.
19:34 of 2nd period - Stopped by Anthony Stolarz with a rebound.
19:36 of 2nd period - Slapshot by Drew Doughty.
19:36 of 2nd period - Stopped by Anthony Stolarz with a rebound.
19:38 of 2nd period - Slapshot by Nick Seeler.
19:38 of 2nd period - Shot Blocked by Nazem Kadri.
Goals for this period are 1 for Flames vs 1 for Rangers.
Shots for this period are 20 for Flames vs 11 for Rangers.

3rd period


0:01 of 3rd period - Claude Giroux wins face-off versus Ryan Donato in neutral zone.
0:53 of 3rd period - Slapshot by Kyle Connor.
0:53 of 3rd period - Stopped by Alex Lyon with a rebound.
1:31 of 3rd period - Wrist shot by Kyle Connor.
1:31 of 3rd period - Shot Misses the Net.
1:44 of 3rd period - Off-side.
1:45 of 3rd period - Carter Verhaeghe wins face-off versus Ryan Donato in neutral zone.
1:57 of 3rd period - Carter Verhaeghe is hit by Juraj Slafkovsky.
2:09 of 3rd period - Trevor Moore is hit by Carter Verhaeghe and loses puck.
2:14 of 3rd period - Snap shot by Claude Giroux.
2:14 of 3rd period - Stopped by Alex Lyon with a rebound.
2:16 of 3rd period - Slapshot by Jeremy Lauzon.
2:16 of 3rd period - Stopped by Alex Lyon with a rebound.
2:51 of 3rd period - Snap shot by Chandler Stephenson.
2:51 of 3rd period - Stopped by Alex Lyon with a rebound.
2:53 of 3rd period - Slapshot by Jeremy Lauzon.
2:53 of 3rd period - Shot Blocked by Nick Seeler.
2:55 of 3rd period - Wrist shot by Marc Del Gaizo.
2:55 of 3rd period - Shot Blocked by Ryan Donato.
2:57 of 3rd period - Wrist shot by Chandler Stephenson.
2:57 of 3rd period - Shot Blocked by Drew Doughty.
2:59 of 3rd period - Slapshot by Jeremy Lauzon.
2:59 of 3rd period - Deflect By Drew Doughty.
2:59 of 3rd period - Goal by Jeremy Lauzon - Flames : 1 - Rangers : 3.
3:00 of 3rd period - Pavel Zacha wins face-off versus Erik Haula in neutral zone.
3:05 of 3rd period - Icing by Erik Haula.
3:06 of 3rd period - Pavel Zacha wins face-off versus Erik Haula in Rangers zone.
3:43 of 3rd period - Slapshot by Roope Hintz.
3:43 of 3rd period - Stopped by Alex Lyon with a rebound.
3:45 of 3rd period - Wrist shot by Roope Hintz.
3:45 of 3rd period - Stopped by Alex Lyon without a rebound.
3:46 of 3rd period - Trevor Moore wins face-off versus Claude Giroux in Flames zone.
3:59 of 3rd period - Snap shot by Chandler Stephenson.
3:59 of 3rd period - Stopped by Alex Lyon without a rebound.
4:00 of 3rd period - Claude Giroux wins face-off versus Pavel Zacha in Flames zone.
4:19 of 3rd period - Connor Clifton is hit by Carter Verhaeghe and loses puck.
4:38 of 3rd period - Snap shot by Trevor Moore.
4:38 of 3rd period - Stopped by Anthony Stolarz with a rebound.
5:21 of 3rd period - Slapshot by Brandon Duhaime.
5:21 of 3rd period - Shot Misses the Net.
5:23 of 3rd period - Wrist shot by Brandon Duhaime.
5:23 of 3rd period - Shot Misses the Net.
5:25 of 3rd period - Wrist shot by Mark Jankowski.
5:25 of 3rd period - Shot Misses the Net.
5:27 of 3rd period - Snap shot by Teddy Blueger.
5:27 of 3rd period - Goal by Teddy Blueger - Flames : 2 - Rangers : 3.
5:28 of 3rd period - Pavel Zacha wins face-off versus Claude Giroux in neutral zone.
5:37 of 3rd period - Snap shot by Pavel Zacha.
5:37 of 3rd period - Stopped by Anthony Stolarz with a rebound.
5:55 of 3rd period - Dylan Samberg is hit by Connor Zary and loses puck.
6:08 of 3rd period - Slapshot by Rasmus Andersson.
6:08 of 3rd period - Deflect By Claude Giroux.
6:08 of 3rd period - Shot Blocked by Connor Zary.
6:08 of 3rd period - Puck is out of play.
6:09 of 3rd period - Ryan Donato wins face-off versus Roope Hintz in Flames zone.
6:36 of 3rd period - Emil Lilleberg is hit by Josh Morrissey and loses puck.
6:43 of 3rd period - Slapshot by Cole Perfetti.
6:43 of 3rd period - Shot Blocked by Juraj Slafkovsky.
6:45 of 3rd period - Slapshot by Rasmus Andersson.
6:45 of 3rd period - Stopped by Alex Lyon without a rebound.
6:46 of 3rd period - Pavel Zacha wins face-off versus Carter Verhaeghe in Flames zone.
7:22 of 3rd period - Nick Jensen is hit by Connor Clifton and loses puck.
7:35 of 3rd period - Snap shot by Brandon Duhaime.
7:35 of 3rd period - Stopped by Anthony Stolarz with a rebound.
7:55 of 3rd period - Jeremy Lauzon is hit by Ryan Donato.
8:05 of 3rd period - Trevor Moore is hit by Nicolas Roy and loses puck.
8:38 of 3rd period - Snap shot by Conor Garland.
8:38 of 3rd period - Stopped by Alex Lyon with a rebound.
9:10 of 3rd period - Zach Werenski is hit by Nazem Kadri and loses puck.
9:28 of 3rd period - Slapshot by Zach Werenski.
9:28 of 3rd period - Stopped by Anthony Stolarz with a rebound.
9:46 of 3rd period - Slapshot by Zach Werenski.
9:46 of 3rd period - Stopped by Anthony Stolarz with a rebound.
9:48 of 3rd period - Snap shot by Pavel Zacha.
9:48 of 3rd period - Shot Blocked by Josh Morrissey.
10:16 of 3rd period - Wrist shot by Warren Foegele.
10:16 of 3rd period - Stopped by Alex Lyon without a rebound.
10:17 of 3rd period - Claude Giroux wins face-off versus Blake Lizotte in Flames zone.
10:50 of 3rd period - Rasmus Andersson is hit by Ryan Donato.
11:10 of 3rd period - Rasmus Andersson is hit by Pavel Zacha and loses puck.
11:46 of 3rd period - Slapshot by Marc Del Gaizo.
11:46 of 3rd period - Shot Misses the Net.
11:48 of 3rd period - Snap shot by Carter Verhaeghe.
11:48 of 3rd period - Shot Blocked by Teddy Blueger.
11:56 of 3rd period - Snap shot by Chandler Stephenson.
11:56 of 3rd period - Shot Misses the Net.
11:58 of 3rd period - Backhand shot by Nick Jensen.
11:58 of 3rd period - Stopped by Alex Lyon with a rebound.
12:00 of 3rd period - Snap shot by Carter Verhaeghe.
12:00 of 3rd period - Shot Blocked by Zach Werenski.
12:07 of 3rd period - Icing by Zach Werenski.
12:08 of 3rd period - Roope Hintz wins face-off versus Teddy Blueger in Flames zone.
12:09 of 3rd period - Backhand shot by Kyle Connor.
12:09 of 3rd period - Shot Blocked by Connor Clifton.
12:11 of 3rd period - Snap shot by Kyle Connor.
12:11 of 3rd period - Goal by Kyle Connor - Flames : 2 - Rangers : 4.
12:12 of 3rd period - Roope Hintz wins face-off versus Will Smith in neutral zone.
12:45 of 3rd period - Slapshot by Kiefer Sherwood.
12:45 of 3rd period - Stopped by Anthony Stolarz with a rebound.
12:47 of 3rd period - Slapshot by Emil Lilleberg.
12:47 of 3rd period - Deflect By Connor Zary.
12:47 of 3rd period - Stopped by Anthony Stolarz with a rebound.
12:49 of 3rd period - Slapshot by Blake Lizotte.
12:49 of 3rd period - Stopped by Anthony Stolarz with a rebound.
13:24 of 3rd period - Wrist shot by Brandon Duhaime.
13:24 of 3rd period - Stopped by Anthony Stolarz with a rebound.
14:05 of 3rd period - Slapshot by Blake Lizotte.
14:05 of 3rd period - Stopped by Anthony Stolarz without a rebound.
14:06 of 3rd period - Ryan Donato wins face-off versus Erik Haula in Rangers zone.
14:07 of 3rd period - Snap shot by Juraj Slafkovsky.
14:07 of 3rd period - Stopped by Anthony Stolarz with a rebound.
15:18 of 3rd period - Wrist shot by Conor Garland.
15:18 of 3rd period - Stopped by Alex Lyon with a rebound.
15:20 of 3rd period - Slapshot by Rasmus Andersson.
15:20 of 3rd period - Deflect By Erik Haula.
15:20 of 3rd period - Stopped by Alex Lyon without a rebound.
15:21 of 3rd period - Warren Foegele wins face-off versus Ryan Donato in Flames zone.
15:22 of 3rd period - Wrist shot by Conor Garland.
15:22 of 3rd period - Stopped by Alex Lyon without a rebound.
15:23 of 3rd period - Blake Lizotte wins face-off versus Erik Haula in Flames zone.
15:48 of 3rd period - Nazem Kadri is hit by Drew Doughty and loses puck.
16:37 of 3rd period - Snap shot by Cole Perfetti.
16:37 of 3rd period - Stopped by Alex Lyon without a rebound.
16:38 of 3rd period - Erik Haula wins face-off versus Blake Lizotte in Flames zone.
17:00 of 3rd period - Icing by Warren Foegele.
17:01 of 3rd period - Pavel Zacha wins face-off versus Erik Haula in Rangers zone.
17:04 of 3rd period - Snap shot by Pavel Zacha.
17:04 of 3rd period - Stopped by Anthony Stolarz with a rebound.
17:06 of 3rd period - Snap shot by Will Smith.
17:06 of 3rd period - Goal by Will Smith - Flames : 3 - Rangers : 4.
17:07 of 3rd period - Erik Haula wins face-off versus Blake Lizotte in neutral zone.
17:39 of 3rd period - Slapshot by Sam Reinhart.
17:39 of 3rd period - Shot Misses the Net.
17:41 of 3rd period - Snap shot by Zach Werenski.
17:41 of 3rd period - Stopped by Anthony Stolarz without a rebound.
17:42 of 3rd period - Erik Haula wins face-off versus Pavel Zacha in Rangers zone.
18:15 of 3rd period - Wrist shot by Kiefer Sherwood.
18:15 of 3rd period - Goal by Kiefer Sherwood - Flames : 4 - Rangers : 4.
18:16 of 3rd period - Erik Haula wins face-off versus Blake Lizotte in neutral zone.
18:41 of 3rd period - Nazem Kadri is hit by Connor Clifton and loses puck.
19:14 of 3rd period - Snap shot by Carter Verhaeghe.
19:14 of 3rd period - Shot Misses the Net.
19:44 of 3rd period - Slapshot by Pavel Zacha.
19:44 of 3rd period - Shot Misses the Net.
19:46 of 3rd period - Backhand shot by Alec Martinez.
19:46 of 3rd period - Stopped by Anthony Stolarz with a rebound.
19:48 of 3rd period - Wrist shot by Kiefer Sherwood.
19:48 of 3rd period - Stopped by Anthony Stolarz without a rebound.
19:49 of 3rd period - Erik Haula wins face-off versus Sam Reinhart in Rangers zone.
19:54 of 3rd period - Wrist shot by Kiefer Sherwood.
19:54 of 3rd period - Shot Misses the Net.
Goals for this period are 3 for Flames vs 2 for Rangers.
Shots for this period are 18 for Flames vs 17 for Rangers.

Overtime #1


0:01 of 1st overtime period - Roope Hintz wins face-off versus Pavel Zacha in neutral zone.
0:08 of 1st overtime period - Slapshot by Kyle Connor.
0:08 of 1st overtime period - Stopped by Alex Lyon without a rebound.
0:09 of 1st overtime period - Roope Hintz wins face-off versus Pavel Zacha in Flames zone.
0:15 of 1st overtime period - Off-side.
0:16 of 1st overtime period - Pavel Zacha wins face-off versus Roope Hintz in neutral zone.
0:21 of 1st overtime period - Snap shot by Pavel Zacha.
0:21 of 1st overtime period - Stopped by Anthony Stolarz with a rebound.
0:24 of 1st overtime period - Icing by Josh Morrissey.
0:25 of 1st overtime period - Pavel Zacha wins face-off versus Roope Hintz in Rangers zone.
0:28 of 1st overtime period - Slapshot by Zach Werenski.
0:28 of 1st overtime period - Stopped by Anthony Stolarz with a rebound.
0:36 of 1st overtime period - Snap shot by Kyle Connor.
0:36 of 1st overtime period - Shot Blocked by Pavel Zacha.
0:49 of 1st overtime period - Snap shot by Kyle Connor.
0:49 of 1st overtime period - Stopped by Alex Lyon without a rebound.
0:50 of 1st overtime period - Pavel Zacha wins face-off versus Roope Hintz in Flames zone.
2:11 of 1st overtime period - Slapshot by Nazem Kadri.
2:11 of 1st overtime period - Shot Misses the Net.
Goals for this period are 0 for Flames vs 0 for Rangers.
Shots for this period are 2 for Flames vs 2 for Rangers.

ShootOut


5:00 of 1st overtime period - Round #1.
5:00 of 1st overtime period - Flames, Sam Reinhart.
5:00 of 1st overtime period - Wrist shot by Sam Reinhart.
5:00 of 1st overtime period - Shot Misses the Net.
5:00 of 1st overtime period - Rangers, Kyle Connor.
5:00 of 1st overtime period - Wrist shot by Kyle Connor.
5:00 of 1st overtime period - Shot Misses the Net.
5:00 of 1st overtime period - Round #2.
5:00 of 1st overtime period - Flames, Trevor Moore.
5:00 of 1st overtime period - Snap shot by Trevor Moore.
5:00 of 1st overtime period - Shot Misses the Net.
5:00 of 1st overtime period - Rangers, Roope Hintz.
5:00 of 1st overtime period - Wrist shot by Roope Hintz.
5:00 of 1st overtime period - Goal by Roope Hintz.
5:00 of 1st overtime period - Round #3.
5:00 of 1st overtime period - Flames, Teddy Blueger.
5:00 of 1st overtime period - Backhand shot by Teddy Blueger.
5:00 of 1st overtime period - Stopped by Anthony Stolarz.